Cogmind - Beta 13 @@@ ROGUE MODE // 2024.04.06 @ 20:16:46 Player: Olafz Result: Destroyed by G-47 Trooper with Particle Gun Performance ------------- Evolutions (0) 0 Regions Visited (1) 200 Robots Destroyed (7) 35 Value Destroyed (136) 136 Prototype IDs (0) 0 Alien Tech Used (0) 0 Bonus (0) 0 TOTAL SCORE: 371 Bonus ------- None Cogmind --------- Core Integrity 0/250 Matter 91/300 Energy 249/250 System Corruption 0% Temperature Cool (9) Movement Walking (190) Ox1 Location -10/Materials Parts ------- > --- POWER (1) -------- Ion Engine > --- PROPULSION (2) --- Aluminum Leg > --- UTILITY (2) ------ Small Storage Unit Signal Interpreter > --- WEAPON (2) ------- Light Assault Rifle > --- INVENTORY (8) ---- Light Ion Engine Light Ion Engine Aluminum Leg Light Assault Rifle Peak State ------------ > --- POWER ------------ Light Ion Engine > --- PROPULSION ------- Aluminum Leg Aluminum Leg > --- UTILITY ---------- Small Storage Unit Signal Interpreter > --- WEAPON ----------- Assault Rifle Light Assault Rifle > --- INVENTORY -------- Light Ion Engine Light Assault Rifle [Rating: 7] Favorites ----------- Power Light Ion Engine Engine Light Ion Engine Propulsion Aluminum Leg Leg Aluminum Leg Utility Small Storage Unit Storage Small Storage Unit Processor Signal Interpreter Weapon Light Assault Rifle Ballistic Gun Light Assault Rifle Build | -11 -10 ------- Run | Yrd Mat Slots Evolved . | . . Power . | . . Propulsion . | . . Utility . | . . Weapon . | . . Parts Attached 10 | 6 4 Power 3 | 1 2 Engine 3 | 1 2 Core . | . . Reactor . | . . Propulsion 3 | 2 1 Treads . | . . Leg 3 | 2 1 Wheel . | . . Hover . | . . Flight . | . . Utility 2 | 1 1 Device . | . . Storage 1 | 1 . Processor 1 | . 1 Hackware . | . . Protection . | . . Artifact . | . . Weapon 2 | 2 . Energy Gun . | . . Energy Cannon . | . . Ballistic Gun 2 | 2 . Ballistic Cannon . | . . Launcher . | . . Special Weapon . | . . Impact Weapon . | . . Slashing Weapon . | . . Piercing Weapon . | . . Special Melee Weapon . | . . Unidentified Prototypes . | . . Parts Lost 3 | . 3 Power 1 | . 1 Propulsion 1 | . 1 Utility . | . . Weapon 1 | . 1 Highest Loss Streak 2 | . 2 To Critical Strikes . | . . Average Slot Usage (%) 92 | . 92 Engine 13 | . 13 Leg 27 | . 27 Storage 14 | . 14 Processor 8 | . 8 Ballistic Gun 28 | . 28 Naked Turns . | . . Heaviest Build 13 | 11 13 Greatest Support 20 | 20 20 Greatest Overweight (x) . | . . Average Overweight (x) . | . . Largest Inventory Capacity 8 | 8 8 Average Capacity 7 | 7 8 Most Carried 4 | 2 4 Average Carried 2 | . 2 Final Capacity 8 | 8 8 Final Carried 4 | 2 4 Class Distribution -------------------- 100% | Mutant Dominant Class ---------------- Mutant | -10/Materials Resources | -11 -10 ----------- Run | Yrd Mat Matter Collected 185 | 146 39 Remotely . | . . Salvage Created 140 | . 140 Parts 14 | . 14 Haulers Intercepted 1 | . 1 Recyclers Shooed . | . . Parts Field Recycled . | . . Retrieved Matter . | . . Parts Self-Destructed . | . . Prevented . | . . Kills | -11 -10 ------- Run | Yrd Mat Combat Hostiles Destroyed 5 | . 5 Guns 2 | . 2 AOE 3 | . 3 Classes Destroyed 4 | . 4 Hauler 1 | . 1 Watcher 1 | . 1 Swarmer 3 | . 3 Grunt 2 | . 2 Best Kill Streak 4 | . 4 Combat Bots Only 3 | . 3 Max Kills in Single Turn 4 | . 4 Gunslinging . | . . Exploded 3 | . 3 Melee . | . . Uniques/NPCs Destroyed . | . . Combat | -11 -10 -------- Run | Yrd Mat Hostile Shots Fired 76 | . 76 Missed 21 | . 21 Damage Taken 718 | . 718 Core 250 | . 250 Absorbed by Shields . | . . Core Remaining (%) 100 | 100 . Volleys Fired 31 | . 31 Largest 2 | . 2 Hottest 40 | . 40 Shots Fired 58 | . 58 Gun 58 | . 58 Cannon . | . . Launcher . | . . Special . | . . Kinetic 58 | . 58 Thermal . | . . Explosive . | . . Electromagnetic . | . . Robot Hit Streak 8 | . 8 Robot Miss Streak 5 | . 5 Penetration Max . | . . Secondary Targets 1 | . 1 Max Gunslinging Chain 1 | . 1 Shots Hit Robots 37 | . 37 Core Hits 13 | . 13 Critical Kills . | . . Critical Parts Destroyed 1 | . 1 Critical Strikes 1 | . 1 Destroy 1 | . 1 Melee Attacks . | . . Impact . | . . Slashing . | . . Piercing . | . . Sneak Attacks . | . . Combat Hostiles . | . . Follow-up Attacks . | . . Damage Inflicted 687 | . 687 Guns 311 | . 311 Cannons . | . . Explosions 373 | . 373 Melee . | . . Ramming 3 | . 3 Kinetic 311 | . 311 Thermal 373 | . 373 Explosive . | . . Electromagnetic . | . . Impact . | . . Slashing . | . . Piercing . | . . Highest Corruption . | . . Average Corruption . | . . Corruption Purged . | . . Corruption Blocked . | . . Overload Shots . | . . Overflow Damage 49 | . 49 Projectiles . | . . Explosions 49 | . 49 Melee . | . . Knockbacks . | . . Impact . | . . Kinetic . | . . Secondary . | . . Self-Inflicted Damage 111 | . 111 Shots 1 | . 1 Rammed . | . . Targets Rammed 1 | . 1 Kicked 1 | . 1 Crushed . | . . Highest Temperature 36 | . 36 Average Temperature 14 | . 14 Received Heat Transfer 291 | . 291 Siege Activations . | . . Robots Corrupted . | . . Combat Hostiles . | . . Parts Fried . | . . Impact Corruptions . | . . Robots Melted . | . . Combat Hostiles . | . . Parts Melted 1 | . 1 Heat Transferred 200 | . 200 Parts Sabotaged . | . . Parts Stolen . | . . Parts Stripped . | . . Power Chain Reactions . | . . Alert | -11 -10 ------- Run | Yrd Mat Peak Influence 178 | . 178 Initial . | . . Average 79 | . 100 Maximum Alert Level . | . . Low Security (%) 100 | 100 100 Level 1 . | . . Level 2 . | . . Level 3 . | . . Level 4 . | . . Level 5 . | . . High Security . | . . Max Security . | . . Squads Dispatched . | . . Investigation . | . . Extermination . | . . Reinforcement . | . . Assault . | . . Garrison . | . . Intercept . | . . Searches Triggered . | . . Construction Impeded . | . . Haulers Reinforced . | . . Active Scanning Responses . | . . Cargo Convoy Interrupts . | . . Stealth | -11 -10 --------- Run | Yrd Mat Distress Signals . | . . Communications Jammed . | . . Distress Signals . | . . Times Spotted 8 | . 8 Peak Tracking Total 4 | . 4 Tactical Retreats . | . . Traps | -11 -10 ------- Run | Yrd Mat Traps Triggered . | . . Indirectly . | . . Trap Hack Attempts . | . . Triggered . | . . Disarmed . | . . Reprogrammed . | . . Reused . | . . Traps Extracted . | . . Installed . | . . Triggered . | . . Machines | -11 -10 ---------- Run | Yrd Mat Machines Disabled 2 | . 2 Max in Single Turn 2 | . 2 Machines Repaired . | . . Machines Dismantled . | . . Machines Sabotaged . | . . Overloaded Fab Kills . | . . Hacking | -11 -10 --------- Run | Yrd Mat Machines Accessed . | . . Terminals . | . . Fabricators . | . . Repair Stations . | . . Recycling Units . | . . Scanalyzers . | . . Garrison Access . | . . Total Hacks . | . . Successful . | . . Failed . | . . Catastrophic . | . . Database Lockouts . | . . Manual . | . . Terminals . | . . Fabricators . | . . Repair Stations . | . . Recycling Units . | . . Scanalyzers . | . . Garrison Access . | . . Terminal Hacks . | . . Fabricator Hacks . | . . Repair Station Hacks . | . . Recycling Unit Hacks . | . . Scanalyzer . | . . Garrison Access Hacks . | . . Unauthorized Hacks . | . . Terminals . | . . Fabricators . | . . Repair Stations . | . . Recycling Units . | . . Scanalyzers . | . . Garrison Access . | . . Data Cores Recovered . | . . Used . | . . Hacking Detections . | . . Full Trace Events . | . . Feedback Events . | . . Feedback Blocked . | . . Robot Schematics Acquired . | . . Robots Built . | . . Authchips . | . . Time . | . . Total Robot Build Rating . | . . Part Schematics Acquired . | . . Parts Built . | . . Authchips . | . . Time . | . . Total Part Build Rating . | . . Parts Repaired . | . . Time . | . . Parts Recycled . | . . Recycled Matter . | . . Retrieved Matter . | . . Retrieved Components . | . . Parts Scanalyzed . | . . Part Schematics Acquired . | . . Parts Damaged . | . . Bothacking | -11 -10 ------------ Run | Yrd Mat Used RIF Installer . | . . Robots Hacked . | . . Non-combat . | . . Combat . | . . Robot Hacks Applied . | . . Relay Couplers Released . | . . Fabnet Peak Effective % . | . . Robots Rewired . | . . Allies Hacked . | . . Hacks Repelled . | . . Allies | -11 -10 -------- Run | Yrd Mat Total Allies . | . . Largest Group . | . . Highest-Rated Group . | . . Highest-Rated Ally . | . . Total Orders . | . . Ally Attacks . | . . Total Damage . | . . Kills . | . . Allies Corrupted . | . . Allies Melted . | . . Intel | -11 -10 ------- Run | Yrd Mat Robot Analysis Total . | . . Derelict Logs Recovered . | . . Drone Launches . | . . Drone Recoveries . | . . Exploration | -11 -10 ------------- Run | Yrd Mat Turns Passed 278 | 59 219 Spaces Moved 147 | 40 107 Core 5 | 5 . Treads . | . . Legs 142 | 35 107 Wheels . | . . Hover . | . . Flight . | . . Fastest Speed 50 | 50 120 Average Speed 117 | 111 120 Slowest Speed 120 | 120 120 Overloaded Moves . | . . Propulsion Burnouts . | . . Robots Hopped . | . . Cave-ins Triggered . | . . Exploration Rate (%) 18 | 3 33 Regions Visited 1 Branch Regions . Pre-discovered Areas . | . . Known Exits Taken . | . . Unknown Exits Taken 1 | 1 . Scrap Searched . | . . Spaces Dug . | . . Terrain Destroyed 18 | . 18 Melee . | . . Projectile . | . . AOE 18 | . 18 Terrain Rammed . | . . Walls Destroyed . | . . Machines Disabled . | . . Actions | -11 -10 --------- Run | Yrd Mat Total 196 | 51 145 Wait 6 | 4 2 Move 146 | 39 107 Hop . | . . Pick Up 2 | 2 . Fast Attach 8 | 6 2 Attach . | . . Detach . | . . Swap 2 | . 2 Drop . | . . Fire 31 | . 31 Melee . | . . Ram . | . . Kick 1 | . 1 Crush . | . . Escape Stasis . | . . Rewire . | . . Trap . | . . Miscellaneous . | . . Route ------- -11/Scrapyard -10/Materials History --------- Turn | Location | Event 5 | -11/Scrapyard | Discovered new exit (range 16) 60 | -11/Scrapyard | Entered Materials 138 | -10/Materials | Core integrity fell below 50% 248 | -10/Materials | Core integrity fell below 20% 279 | -10/Materials | Destroyed by G-47 Trooper with Particle Gun Last Messages --------------- 00174_ R-06 Scavenger collects Lgt. Treads. 00175_ U-05 Engineer lays Concrete. 00175_ U-05 Engineer builds a Wall. 00176_ U-05 Engineer lays Concrete. 00176_ G-34 Mercenary destroyed. 00177_ U-05 Engineer lays Concrete. 00177_ R-06 Scavenger collects Seismic Detector. 00177_ U-05 Engineer builds a Wall. 00178_ U-05 Engineer lays Concrete. 00180_ U-05 Engineer builds a Wall. 00183_ Acquired 39 matter. 00188_ K-01 Serf collects debris. 00191_ R-06 Scavenger collects Sml. Laser. 00239_ Critical hit (Burn: +37). 00248_ G-34 Mercenary destroyed. 00263_ R-06 Scavenger collects Heat Sink. 00265_ Aluminum Leg destroyed. 00265_ Critical hit (Burn: +37). 00273_ Assault Rifle destroyed. 00273_ Critical hit (Burn: +37). Map ----- +----------------------------------------------------+ | ??????????????????# #??? | | ################### #??? | | #??? | | ################# #??? | | ??????#########?# #??? | | ??????# = ?# #??? | | ??????# # #??? | | ??????#"" # #??? | | ??????#"" / #??? | | ??????#"T ]! # #??? | | ??????#"" ]! # #??? | | ??????#"" ?# #??? | | ??????# ?# #??? | | ??????########??# #??? | | ????????????????# #??? | | ????????????????# #??? | | ????????????????# ##+#### | | ????????????????# # # | | ????????????????# + """ # | | ????????????????# # """ # | | ????????????????# # """ # | | ????????????????# # %= # | | ???????????????? # g # | | ???????????????? + # | | ??????????????? # # | | ??????????????? # "" @# | | ??????????????"?" !# "T # | | ?????????????????? ?# "" # | | ????????????????????# # | | ????????????????????####### | | ??????????????????????????? | | ??????????????????????????? | | ??????????????????????????? | | ??????????????????????????? | | ??????????????????????????? | | ??????????????????????????? | | ??????????????????????????? | | ??????????????????????????? | | ??????????????????????????? | | | | | | | | | | | | | | | | | | | | | | | +----------------------------------------------------+ Best States ------------- Heat Dissipation 25 Energy Generation 10 Energy Capacity 250 Matter Stores 186 Matter Capacity 300 Sight Range 16 Terrain Scan Density 10 Evasion (%) 55 Item Schematics ----------------- None Robot Schematics ------------------ None Fabricated ------------ Nothing Alien Tech Used ----------------- None Achievements -------------- None Challenges ------------ None Game ------ Seed PlatingGravmagChronowheel Manual? 0 Play Time 00:04:07 Cumulative 27.1 hours Start 2024.04.06 @ 20:14:20 End 2024.04.06 @ 20:16:46 Sessions 1 Manual Loads 0 Difficulty Rogue Special Mode None Game No. 72 Rogue 70 Adventurer 2 Explorer 0 Win Type - Total 0 Types 0/0/0/0/0/0/0/0/0 Lore% 23 Gallery% 28 Achievement% 23 Wizard Run 0 Options --------- Layout 2 ASCII 0 Keyboard 1 Movement Numpad Keybinds 0 Fullscreen 2 Font 24/Smallcaps Map View 50x44 Zoom Use 0% Tactical HUD 1 Map Filters NONE Filters NONE Steam 1 RUN: b3f83eb4-8848-4116-ab50-1611a435d879